cohdb
Replays
Latest Replays
All Replays
Popular Replays
Top Player Replays
Match Explorer
How It Works
Community
CoH3 Stats
Reddit
Sign in to upload your games and track your stats! →
Sign in with Steam
Match 44330310
Unlisted
Match 44330310
Overview
Messages
Build Orders
End
Construct Infanterie Kompanie
MG 42 Machine Gun Team
Grenadier Squad
Selects Breakthrough Battlegroup
Selects Assault Grenadiers
Grenadier Squad
Grenadier Squad
Construct Panzergrenadier Kompanie
Support Elements
Nebelwerfer 42 Rocket Launcher Team
Nebelwerfer 42 Rocket Launcher Team
Selects Breakthrough
Selects 2.5-tonne Cargo Truck
Breakthrough
Medical Station
Construct Panzer Kompanie
Panzer IV Medium Tank
Panzer IV Medium Tank
Side Skirts
2.5-tonne Cargo Truck
Selects Incendiary Bombing Run
Incendiary Bombing Run
Turtlepenguin
Slonek
bighilljae
wemmer96
Serial Chiller
Portable_Excel
Ghost.Wick
Buzz +ive
0
0
Comments
sign in to comment!
No comments posted yet!